 Dungeon Sprint DCSS version 0.20-a0-1006-ge6c5631 (webtiles) character file.

49 lordofpotatos the Ducker (level 3, -5/31 HPs)
             Began as a Demonspawn Gladiator on Apr 13, 2017.
             Was a Believer of Wu Jian.
             Slain by a fire bat (9 damage)
             ... in the Dungeon (Sprint VII: "The Pits").
             The game lasted 00:02:22 (228 turns).

lordofpotatos the Ducker (Demonspawn Gladiator)      Turns: 228, Time: 00:02:22

Health: -5/31      AC:  3    Str: 14    XL:     3   Next: 53%
Magic:  3/3        EV: 14    Int:  9    God:    Wu Jian [**....]
Gold:   0          SH:  0    Dex: 15    Spells: 2/2 levels left

rFire    . . .     SeeInvis .   d - +2 trident
rCold    . . .     Gourm    .   (no shield)
rNeg     . . .     Faith    .   b - +0 leather armour
rPois    .         Spirit   .   (helmet restricted)
rElec    .         Reflect  .   (no cloak)
rCorr    .         Harm     .   (no gloves)
MR       .....     NoTele   +   (no boots)
Stlth    +.........             (no amulet)
Regen    0.1/turn               (no ring)
MPRegen  0.1/turn               (no ring)

@: no status effects
A: antennae 1
a: Renounce Religion


You were in the Dungeon.
You worshipped Wu Jian.
Wu Jian was pleased with you.
You were completely stuffed.

You visited 1 branch

Inventory:

Hand Weapons
 d - a +2 trident (weapon)
Armour
 b - a +0 leather armour (worn)
 c - a +0 helmet
Scrolls
 k - a scroll of blinking
 l - 3 scrolls of remove curse
 m - 5 scrolls of amnesia
 n - a scroll of summoning
Potions
 a - 2 potions of invisibility
 h - a potion of haste
 i - 4 potions of magic
 j - 3 potions of berserk rage
Comestibles
 f - 8 bread rations
 o - 39 fruits
 p - 6 meat rations


   Skills:
 + Level 4.4 Fighting
 + Level 4.5 Polearms
 - Level 1.7 Throwing
 + Level 4.6 Dodging


You had 2 spell levels left.
You didn't know any spells.

Dungeon Overview and Level Annotations

Branches:
Dungeon (1/1)

Altars:
Ashenzari
Cheibriados
Dithmenos
Elyvilon
Fedhas
Gozag
Hepliaklqana
Kikubaaqudgha
Makhleb
Nemelex Xobeh
Okawaru
Qazlal
Ru
Sif Muna
Trog
Uskayaw
Vehumet
Wu Jian
Xom
Yredelemnul
Zin
The Shining One
Beogh
Jiyva
Lugonu


Innate Abilities, Weirdness & Mutations

You have a pair of small antennae on your head.


Message History

You can now perform distracting airborne attacks by moving against a solid obstacle.
The fire bat closely misses you. The ooze hits you.
You attack the ooze from above.
You hit the ooze but do no damage. The fire bat barely misses you.
The ooze barely misses you.
You spin and attack the leopard gecko.
You miss the leopard gecko. The fire bat closely misses you.
The leopard gecko bites you but does no damage.
The fire bat completely misses you.
You spin and attack the fire bat.
You hit the fire bat but do no damage.
You spin and attack the leopard gecko.
You barely miss the leopard gecko. The fire bat bites you.
You are engulfed in flames.
The fire bat barely misses you. The leopard gecko bites you.
* * * LOW HITPOINT WARNING * * *
The ooze misses you.
You hit the leopard gecko.
The leopard gecko is lightly wounded.
The fire bat bites you.
* * * LOW HITPOINT WARNING * * *
You are engulfed in flames!
You die...

#.?(.')))'.##......#..#
##########.##..........
#...........'..........
#+#####†#####......#..#
#..#..# #..........
#..†..# ####'#####+
#..#### #.......#
#.†#b.# #.......#
#..#@l# #.......#
##'#.J#+###...<...#
#........##.......#
#...)....##.......#
###########.......# {
#########


You could see a fire bat, an ooze and a leopard gecko.

Vanquished Creatures
  2 gnolls (D)
  2 adders (D)
  A river rat (D)
  A bat (D)
  A frilled lizard (D)
7 creatures vanquished.

Notes
Turn   | Place    | Note
-------+----------+-------------------------------------------
     0 | D        | lordofpotatos the Demonspawn Gladiator began the quest for the Orb.
     0 | D        | Reached XP level 1. HP: 16/16 MP: 1/1
    21 | D        | Gained mutation: You have a pair of small antennae on your head. [demonic ancestry]
    21 | D        | Reached XP level 2. HP: 12/24 MP: 2/2
    55 | D        | Found a bloodstained altar of Trog.
    55 | D        | Found a deep blue altar of Sif Muna.
    55 | D        | Found a viscous altar of Jiyva.
    55 | D        | Found a hazy altar of Hepliaklqana.
    55 | D        | Found an opulent altar of Gozag.
    56 | D        | Found a glowing golden altar of the Shining One.
    56 | D        | Found a glowing silver altar of Zin.
    56 | D        | Found a basalt altar of Yredelemnul.
    56 | D        | Found a shimmering altar of Xom.
    56 | D        | Found an ornate altar of the Wu Jian Council.
    56 | D        | Found a sacrificial altar of Ru.
    56 | D        | Found a stormy altar of Qazlal.
    56 | D        | Found an iron altar of Okawaru.
    56 | D        | Found a sparkling altar of Nemelex Xobeh.
    56 | D        | Found a burning altar of Makhleb.
    56 | D        | Found a blossoming altar of Fedhas.
    56 | D        | Found a white marble altar of Elyvilon.
    56 | D        | Found a shadowy altar of Dithmenos.
    56 | D        | Found a snail-covered altar of Cheibriados.
    59 | D        | Found a corrupted altar of Lugonu.
    59 | D        | Found a radiant altar of Vehumet.
    59 | D        | Found a roughly hewn altar of Beogh.
    60 | D        | Found an ancient bone altar of Kikubaaqudgha.
    60 | D        | Found a hide-covered altar of Uskayaw.
    60 | D        | Found a shattered altar of Ashenzari.
    67 | D        | Became a worshipper of the Wu Jian Council
   201 | D        | Reached * piety under Wu Jian
   201 | D        | Reached XP level 3. HP: 22/30 MP: 3/3
   221 | D        | Noticed a fire bat
   223 | D        | Reached ** piety under Wu Jian
   228 | D        | Slain by a fire bat

Vault maps used:
D:        pitsprint

Skill      XL: |  1  2  3 |
---------------+----------+-----
Fighting       | 3 4 |  4.4
Polearms       | 3 4 |  4.5
Dodging        | 3 4 |  4.6
Throwing       | |  1.7

Action                   || total
-------------------------++-------
Melee: Trident           ||    33
  Use: Potion            ||     2
  Eat: Meat ration       ||     1
       Fruit             ||     1
Armor: Leather armour    ||     3
Dodge: Dodged            ||    24
